 Dungeon Crawl Stone Soup version 0.19-a0-1740-g0bcaf2e (webtiles) character file.

550 holy777 the Shield-Bearer (level 7, -2/52 HPs)
             Began as a Mummy Fighter on Oct 2, 2016.
             Was an Initiate of Gozag.
             Slain by an ogre
             ... wielding a +0 giant spiked club
              (22 damage)
             ... on level 5 of the Dungeon.
             The game lasted 00:11:05 (3371 turns).

holy777 the Shield-Bearer (Mummy Fighter)           Turns: 3371, Time: 00:11:05

Health: -2/52      AC: 12    Str: 23    XL:     7   Next: 7%
Magic:  7/7        EV:  5    Int:  7    God:    Gozag
Gold:   262        SH: 10    Dex: 15    Spells: 1 memorised, 3 levels left

rFire  x . .     SeeInvis .     l - +2 rapier "Kyfos" {pierce, +Inv Dex+3}
rCold  + . .     Gourm    .     i - +0 chain mail
rNeg   + + +     Faith    .     c - +0 shield
rPois  ∞         Spirit   .     k - +0 helmet
rElec  .         Dismiss  .     b - +0 cloak
rCorr  .         Reflect  .     g - +0 pair of gloves (curse)
MR     +....     Harm     .     (no boots)
Stlth  ..........               (no amulet)
                                f - ring of protection from magic
                                d - +2 ring of strength

@: very slightly contaminated
A: no food or potions, fire vulnerability, cold resistance 1, negative energy
resistance 3, torment resistance, unbreathing
a: Potion Petition, Call Merchant, Bribe Branch, Renounce Religion, Evoke
Invisibility


You were on level 5 of the Dungeon.
You worshipped Gozag.
Gozag was aware of your devotion.
You were not hungry.

You visited 2 branches of the dungeon, and saw 6 of its levels.

You collected 354 gold pieces.
You paid 92 gold pieces to Gozag.

Inventory:

Hand Weapons
 l - the +2 rapier "Kyfos" (weapon) {pierce, +Inv Dex+3}
   (You found it on level 5 of the Dungeon)

   It inflicts extra damage upon your enemies.
   It affects your dexterity (+3).
   It lets you turn invisible.
Missiles
 h - 3 tomahawks (quivered)
Armour
 b - a +0 cloak (worn)
 c - a +0 shield (worn)
 g - a cursed +0 pair of gloves (worn)
 i - a +0 chain mail (worn)
 k - a +0 helmet (worn)
Jewellery
 d - a +2 ring of strength (left hand)
 f - a ring of protection from magic (right hand)
Scrolls
 m - a scroll of enchant armour {unknown}
Books
 e - a book of Necromancy

   Spells                             Type                      Level
   a - Pain                           Necromancy                   1
   b - Animate Skeleton               Necromancy                   1
   c - Vampiric Draining              Necromancy                   3
   d - Regeneration                   Charms/Necromancy            3
   e - Animate Dead                   Necromancy                   4
   f - Control Undead                 Necromancy                   4


   Skills:
 + Level 3.3 Fighting
   Level 3.3 Polearms
 * Level 4.0 Armour
 - Level 0.1 Dodging
 - Level 0.3 Stealth
 * Level 4.0 Shields
 * Level 2.6 Necromancy


You had 3 spell levels left.
You knew the following spells:

 Your Spells              Type           Power        Failure   Level  Hunger
a - Vampiric Draining     Necr           #.........   100%        3    N/A

Dungeon Overview and Level Annotations

Branches:
Dungeon (5/15)             Temple (1/1) D:5

Altars:
Ashenzari
Cheibriados
Dithmenos
Elyvilon
Fedhas
Gozag
Hepliaklqana
Makhleb
Nemelex Xobeh
Okawaru
Ru
Sif Muna
Trog
Uskayaw
Yredelemnul
Zin
The Shining One


Innate Abilities, Weirdness & Mutations

You do not eat or drink.
Your flesh is vulnerable to fire.
You are immune to poison.
Your flesh is cold resistant. (rC+)
You are immune to negative energy. (rN+++)
You are immune to unholy pain and torment.
You can survive without breathing.


Message History

That item cannot be evoked!
There is an open door here.
You hit the ogre.
The ogre is moderately wounded.
You block the ogre's attack.
You hit the ogre.
The ogre is moderately wounded.
The ogre barely misses you.
You hit the ogre.
The ogre is heavily wounded.
The ogre hits you with a giant spiked club!
Your shield and chain mail prevent you from hitting the ogre.
The ogre is heavily wounded.
The ogre hits you with a giant spiked club!
There is an open door here.
Your shield and chain mail prevent you from hitting the ogre.
The ogre is heavily wounded.
The ogre hits you with a giant spiked club!!
You die...
Your body crumbles into a pile of gold.

#........#
#.......##.
#..........
###'#+###...
#...........
#..........
#........##
###O#.....###
#..@.........
#............
#............
##'##........
#.#.)........+..
#.#....#.....#.# .
#.#....#.....#.###.
###++....+...........
#........#...........


You could see an ogre.

Vanquished Creatures
  Duvessa (D:5)
  Dowan (D:5)
  A scorpion (D:5)
  A crimson imp (D:4)
  A bullfrog zombie (D:5)
  A hound (D:4)
  2 iguanas (D:5)
  2 worker ants
  3 gnolls (D:4)
  A howler monkey skeleton (D:5)
  3 adders
  A shadow imp (D:4)
  2 oozes (D:1)
  2 dart slugs (D:1)
  4 leopard geckos
  5 orcs
  6 bats
  5 giant cockroaches
  5 goblins
  2 hobgoblins
  10 jackals
  A quokka (D:2)
  A ball python zombie (D:5)
  8 frilled lizards
  4 kobolds
  3 rats
76 creatures vanquished.

Notes
Turn   | Place    | Note
-------+----------+-------------------------------------------
     0 | D:1      | holy777 the Mummy Fighter began the quest for the Orb.
     0 | D:1      | Reached XP level 1. HP: 18/18 MP: 1/1
    64 | D:1      | Reached XP level 2. HP: 24/24 MP: 2/2
   729 | D:1      | Reached XP level 3. HP: 23/29 MP: 3/3
  1350 | D:2      | Found a faded altar of an unknown god.
  1481 | D:3      | Reached XP level 4. HP: 31/35 MP: 4/4
  1510 | D:3      | Learned a level 3 spell: Vampiric Draining
  2150 | D:4      | Found a snail-covered altar of Cheibriados.
  2292 | D:4      | Reached skill level 1 in Necromancy
  2297 | D:4      | Reached XP level 5. HP: 36/41 MP: 5/5
  2539 | D:4      | Found an iron altar of Okawaru.
  2718 | D:5      | Entered Level 5 of the Dungeon
  2821 | D:5      | Reached XP level 6. HP: 38/47 MP: 6/6
  3009 | D:5      | Found a staircase to the Ecumenical Temple.
  3018 | Temple   | Entered the Ecumenical Temple
  3039 | Temple   | Became a worshipper of Gozag Ym Sagoz the Greedy
  3239 | D:5      | Noticed Duvessa
  3241 | D:5      | Noticed Dowan
  3255 | D:5      | Killed Duvessa
  3287 | D:5      | Killed Dowan
  3287 | D:5      | Reached XP level 7. HP: 52/52 MP: 7/7
  3316 | D:5      | Got a twisted rapier
  3342 | D:5      | Identified the +2 rapier "Kyfos" {pierce, +Inv Dex+3} (You found it on level 5 of the Dungeon)
  3371 | D:5      | Slain by an ogre

Vault maps used:
D:1:      tarquinn_simple_flora_water_d
D:2:      ecumenical_altar_1
D:3:      first_bread
D:4:      okawaru_ov_weapons_minmay, lemuel_doored_altar
D:5:      uniq_duvessa, uniq_grinder
Temple:   minmay_freezing_vapour_temple

Skill      XL: |  1  2  3  4  5  6 |
---------------+-------------------+-----
Shields        | 3 4 |  4.0
Polearms       | 2 3 |  3.3
Armour         | 3 4 |  4.0
Necromancy     | 1 2 |  2.6
Fighting       | |  3.3
Dodging        | |  0.1
Stealth        | |  0.3

Action                   |  1- 3 |  4- 6 |  7- 9 || total
-------------------------+-------+-------+-------++-------
Melee: Trident           |   160 |   249 |     2 ||   411
       Rapier            |       |       |     5 ||     5
Throw: Tomahawk          |       |     1 |       ||     1
Invok: Potion Petition   |       |     1 |       ||     1
  Use: Scroll            |     6 |     3 |       ||     9
 Stab: Distracted        |       |     1 |       ||     1
Armor: Scale mail        |    59 |     4 |       ||    63
       Chain mail        |       |   121 |       ||   121
Dodge: Dodged            |    45 |    48 |     1 ||    94
Block: Shield            |    59 |   127 |     1 ||   187
